 Dungeon Crawl Stone Soup version 0.24.0-13-gcf9b3192b9 (webtiles) character file.

Game seed: 6829354962729906929, levelgen mode: deterministic

6888 Esekla the Thaumaturge (level 11, 0/54 HPs)
             Began as a Vine Stalker Venom Mage on Nov 8, 2019.
             Was a Believer of Ashenzari.
             Slain by Snorg (14 damage)
             ... on level 10 of the Dungeon.
             The game lasted 01:40:51 (9763 turns).

Esekla the Thaumaturge (Vine Stalker Venom Mage)    Turns: 9763, Time: 01:40:52

Health: 0/54       AC: 10    Str: 10    XL:     11   Next: 6%
Magic:  0/25       EV: 13    Int: 18    God:    Ashenzari [**....]
Gold:   213        SH:  0    Dex: 16    Spells: 13/29 levels left

rFire    . . .     SeeInvis +   e - +2 short sword (elec)
rCold    . . .     Gourm    .   (no shield)
rNeg     . . .     Faith    .   R - +2 troll leather armour
rPois    .         Spirit   +   k - +1 helmet (curse)
rElec    .         Reflect  .   (no cloak)
rCorr    +         Harm     .   i - +0 pair of gloves
MR       +....                  D - +0 pair of boots
Stlth    ++........             r - amulet of magic regeneration (curse)
HPRegen  0.98/turn              M - ring of see invisible
MPRegen  0.44/turn              l - ring of resist corrosion

@: studying Necromancy
A: fangs 3, regeneration 1, magic shield, antimagic bite, no potion heal 3, rot
immunity
a: Curse Item, Scrying, Renounce Religion


You were on level 10 of the Dungeon.
You worshipped Ashenzari.
Ashenzari was pleased with you.
You were very hungry.

You visited 1 branch of the dungeon, and saw 10 of its levels.
You also visited: Sewer.

You collected 509 gold pieces.
You spent 296 gold pieces at shops.

Inventory:

Hand Weapons
 e - a +2 short sword of electrocution (weapon)
 t - a +0 spear of venom
 v - a +2 dagger of venom
 H - a +0 falchion
Missiles
 w - 19 boomerangs
 x - 16 poisoned darts (quivered)
 y - 4 javelins
 F - 5 datura-tipped darts
Armour
 a - a +0 robe
 i - a +0 pair of gloves (worn)
 k - a cursed +1 helmet (worn)
 D - a +0 pair of boots (worn)
 R - a +2 troll leather armour (worn)
Jewellery
 l - a ring of resist corrosion (right hand)
 o - an uncursed ring of fire
 r - a cursed amulet of magic regeneration (around neck)
 z - a +3 amulet of reflection
 I - an uncursed ring of positive energy
 M - a ring of see invisible (left hand)
Wands
 A - a wand of paralysis (5)
 B - a wand of polymorph (7)
 C - a wand of flame (11)
 Q - a wand of iceblast (20)
Scrolls
 b - a scroll of immolation
 d - a scroll of fear
 g - 3 scrolls of remove curse
 j - a scroll of blinking
 p - 2 scrolls of teleportation
 J - a scroll of brand weapon
 N - 2 scrolls of fog
 S - a scroll of identify
Potions
 h - 2 potions of agility
 m - 3 potions of haste
 n - a potion of brilliance
 q - 6 potions of lignification
 s - 4 potions of berserk rage
 u - 3 potions of curing
 E - a potion of flight
 G - a potion of mutation
 L - 2 potions of might
 P - a potion of cancellation
Books
 K - a manual of Necromancy
Comestibles
 c - 17 rations


   Skills:
 + Level 4.6 Fighting
 + Level 4.6 Short Blades
 + Level 3.2 Dodging
 - Level 2.4 Stealth
 * Level 9.7 Spellcasting
 + Level 3.7 Conjurations
 + Level 2.8 Translocations
 * Level 4.4 Fire Magic
 + Level 5.7 Air Magic
 + Level 7.0 Poison Magic


You had 13 spell levels left.
You knew the following spells:

 Your Spells              Type           Power        Failure   Level  Hunger
a - Apportation           Tloc           ###...       3%          1    None
b - Blink                 Tloc           N/A          5%          2    None
c - Mephitic Cloud        Conj/Pois/Air  ####....     3%          3    None
d - Magic Dart            Conj           ###.         2%          1    None
f - Conjure Flame         Conj/Fire      ###.....     6%          3    None
v - Poisonous Vapours     Pois/Air       ####..       1%          2    None
x - Olgreb's Toxic Radia  Pois           ####....     6%          4    ###....

Your spell library contained the following spells:

 Spells                   Type           Power        Failure   Level  Hunger
 Sting                    Conj/Pois      ####         1%          1    None
 Animate Skeleton         Necr           N/A          11%         1    None
 Confusing Touch          Hex            #.....       11%         1    None
 Summon Small Mammal      Summ           #...         11%         1    None
 Call Imp                 Summ           #.......     17%         2    None
 Slow                     Hex            #.......     17%         2    None
 Venom Bolt               Conj/Pois      ####......   34%         5    #####..
 Bolt of Magma            Conj/Fire/Erth ###.......   71%         5    #####..
 Iskenderun's Battlesphe  Conj/Chrm      ###.....     82%         5    #####..
 Summon Forest            Summ/Tloc      ##........   86%         5    #####..
 Iron Shot                Conj/Erth      ###.......   100%        6    ######.
 Malign Gateway           Summ/Tloc      ##........   100%        7    #######
 Orb of Destruction       Conj           ###.......   100%        7    #######
 Spellforged Servitor     Conj/Summ      ###.......   100%        7    #######
 Disjunction              Tloc           ###.......   100%        8    #######


Dungeon Overview and Level Annotations

Branches:
Dungeon (10/15)            Temple (0/1) D:6            Lair (0/6) D:8
  Sewer (visited)
    Orc: D:9-12

Altars:
Ashenzari
Cheibriados
Elyvilon
Fedhas
Gozag
Nemelex Xobeh
Okawaru
Ru
Sif Muna
Uskayaw
Vehumet
Wu Jian
Xom
Yredelemnul
The Shining One

Shops:
D:5 =   D:6 (=*!   D:7 :   D:9 *

Annotations:
D:10 Gastronok, Snorg


Innate Abilities, Weirdness & Mutations

You have razor-sharp teeth.
Your natural rate of healing is unusually fast.
When hurt, damage is shared between your health and your magic reserves.
Your bite disrupts and absorbs the magic of your enemies.
Potions cannot restore your health.
You are immune to rotting.


Message History

e - a +2 short sword of electrocution (weapon)
You barely miss Snorg.
Snorg is lightly wounded.
Snorg is engulfed in blazing flames.
Snorg goes berserk!
You barely miss Snorg.
Snorg is moderately wounded.
Snorg is engulfed in blazing flames.
Snorg bites you but does no damage. Snorg claws you!! Snorg claws you.
Snorg is engulfed in blazing flames.
Snorg barely misses you. Snorg misses you. Snorg claws you!
You puncture Snorg! Lightning courses through Snorg!
You bite Snorg, but do no damage.
Snorg is heavily wounded.
Snorg is engulfed in blazing flames.
Snorg bites you!!
* * * LOW HITPOINT WARNING * * *
Snorg claws you but does no damage. x2
Casting: Conjure Flame (safe; 6% risk of failure)
Confirm with . or Enter, or press ? or * to list all spells.
You blink.
Snorg is engulfed in blazing flames.
Snorg barely misses you. Snorg claws you!!
You die...

#....##...#,...
#...........
#.........#,,,
############
#.........#,, , ,,
,# #.........#, , *
* *, ,# #.........#
, ,, ,,,, #
#.........#* ** ,, ,
,# #.........#######
, #
#.#####..§T.....# ,
,, # #.# #...#@....#
** #
#.#####...#........
#
#.........#........
, ,,*#
#.........#.....##.
, *#
#.........#.....#
,,, #
#.........#....... ,
*#
#.........#........,
, , *#
#.........#.....###
** ***# #.........#
, *###########


You could see Snorg (berserk).

Vanquished Creatures
  A cyclops (D:6)
  2 trolls
  Prince Ribbit (D:7)
  A hippogriff (D:9)
  10 yaks
  A hungry ghost (D:7)
  Edmund (D:6)
  A water moccasin (D:10)
  5 orc warriors
  A sky beast (D:9)
  A necrophage (D:7)
  5 ogres
  A phantom (D:9)
  6 centaurs
  6 big kobolds
  4 bullfrogs
  4 scorpions
  A howler monkey (D:8)
  A bullfrog zombie (D:6)
  A centaur zombie (D:8)
  3 crimson imps
  4 hounds
  6 orc priests
  A gnoll shaman (D:6)
  2 jellies (D:10)
  Ijyb (D:5)
  2 bullfrog skeletons
  A centaur skeleton (D:4)
  Natasha (thrice) (D:2)
  2 iguanas
  5 orc wizards
  6 worker ants
  A killer bee zombie (D:10)
  A hound skeleton (D:7)
  A mummy (D:5)
  A worker ant zombie (D:10)
  Robin (D:2)
  4 gnolls (D:6)
  3 howler monkey skeletons
  2 river rats (Sewer)
  15 adders
  2 shadow imps
  4 oozes
  An adder zombie (D:9)
  2 worms (Sewer)
  2 dart slugs
  4 leopard geckos
  41 orcs
  6 bats
  10 giant cockroaches
  13 goblins
  8 hobgoblins
  16 jackals
  4 quokkas
  7 ball pythons (Sewer)
  7 frilled lizards
  3 hobgoblin zombies (D:5)
  A jackal zombie (D:7)
  23 kobolds
  A leopard gecko skeleton (D:4)
  An orc zombie (D:5)
  A quokka zombie (D:5)
  10 rats
  A spectral orc (D:8)
287 creatures vanquished.

Vanquished Creatures (collateral kills)
  A worker ant zombie (D:6)
1 creature vanquished.

Grand Total: 288 creatures vanquished

Notes
Turn   | Place    | Note
-------+----------+-------------------------------------------
     0 | D:1      | Esekla the Vine Stalker Venom Mage began the quest for the
                  | Orb.
     0 | D:1      | Reached XP level 1. HP: 9/9 MP: 4/4
   137 | D:1      | Reached XP level 2. HP: 14/14 MP: 4/6
   160 | D:1      | Learned a level 2 spell: Poisonous Vapours
   341 | D:1      | Reached skill level 1 in Fighting
  1176 | D:1      | Reached XP level 3. HP: 18/18 MP: 7/7
  1181 | D:1      | Learned a level 3 spell: Mephitic Cloud
  1330 | D:2      | Noticed Natasha
  1560 | D:2      | Gained mutation: Your natural rate of healing is unusually
                  | fast. [Vine Stalker growth]
  1560 | D:2      | Reached XP level 4. HP: 22/22 MP: 9/9
  1570 | D:2      | Noticed Robin
  1574 | D:2      | Killed Robin
  1634 | D:2      | Found a shattered altar of Ashenzari.
  1652 | D:2      | Reached skill level 3 in Spellcasting
  1675 | D:2      | Became a worshipper of Ashenzari the Shackled
  1802 | D:2      | Reached skill level 1 in Air Magic
  1868 | D:2      | Reached skill level 1 in Short Blades
  1868 | D:2      | Reached XP level 5. HP: 25/25 MP: 3/10
  2007 | D:3      | Found a glowing drain.
  2070 | Sewer    | Entered a sewer
  2160 | Sewer    | Noticed a big kobold
  2185 | Sewer    | Killed a big kobold
  2185 | Sewer    | Reached XP level 6. HP: 23/30 MP: 7/12
  2575 | Sewer    | Reached skill level 4 in Spellcasting
  2882 | Sewer    | Reached XP level 7. HP: 31/35 MP: 3/14
  3066 | D:3      | Learned a level 2 spell: Blink
  3070 | D:3      | Learned a level 3 spell: Conjure Flame
  3073 | D:3      | Learned a level 1 spell: Magic Dart
  3271 | D:2      | Found an ornate altar of the Wu Jian Council.
  3308 | D:2      | Killed Natasha
  3465 | D:2      | Noticed Natasha
  3469 | D:2      | Killed Natasha
  3469 | D:2      | Reached skill level 5 in Spellcasting
  3532 | D:2      | Noticed Natasha
  3538 | D:2      | Killed Natasha
  3561 | D:2      | Found a hide-covered altar of Uskayaw.
  3562 | D:2      | Noticed a +0 hand axe
  3562 | D:2      | Noticed a +0 dagger
  3802 | D:4      | Found a blossoming altar of Fedhas.
  3950 | D:4      | Gained mutation: You have razor-sharp teeth. [Vine Stalker
                  | growth]
  3950 | D:4      | Reached XP level 8. HP: 39/39 MP: 9/16
  4061 | D:5      | Entered Level 5 of the Dungeon
  4061 | D:5      | Reached * piety under Ashenzari
  4130 | D:5      | Noticed Ijyb
  4138 | D:5      | Killed Ijyb
  4370 | D:3      | Learned a level 1 spell: Apportation
  4571 | D:4      | Reached skill level 1 in Translocations
  4591 | D:4      | Reached skill level 6 in Spellcasting
  4647 | D:4      | Reached skill level 5 in Poison Magic
  4727 | D:4      | Found a snail-covered altar of Cheibriados.
  4976 | D:5      | Found Viosuniekh's Jewellery Emporium.
  5388 | D:6      | Found an opulent altar of Gozag.
  5389 | D:6      | Found Onyaph's Jewellery Boutique.
  5416 | D:6      | Found Ceprial's Weapon Boutique.
  5448 | D:6      | Found an iron altar of Okawaru.
  5448 | D:6      | Noticed Edmund
  5477 | D:6      | Killed Edmund
  5550 | D:6      | Found Egerink's Assorted Antiques.
  5566 | D:6      | Bought a scroll labeled WUDGHI DIDY HOE for 21 gold pieces
  5566 | D:6      | Bought a green potion for 18 gold pieces
  5566 | D:6      | Bought a scroll labeled EPO OTALANUIRA for 21 gold pieces
  5636 | D:6      | Found a staircase to the Ecumenical Temple.
  5647 | D:6      | Noticed a cyclops
  5661 | D:6      | Killed a cyclops
  5661 | D:6      | Reached XP level 9. HP: 35/44 MP: 6/20
  5665 | D:6      | Reached skill level 7 in Spellcasting
  5849 | D:7      | Noticed Prince Ribbit
  5971 | D:6      | Found Niodd's Distillery.
  5974 | D:6      | Bought a potion of degeneration for 11 gold pieces
  6316 | D:7      | Found a shimmering blue altar of Sif Muna.
  6399 | D:7      | Reached skill level 1 in Fire Magic
  6422 | D:7      | Killed Prince Ribbit
  6422 | D:7      | Reached skill level 5 in Air Magic
  6432 | D:7      | Found a sparkling altar of Nemelex Xobeh.
  6478 | D:7      | Found Yjisanag's Book Shoppe.
  6519 | D:7      | Reached skill level 8 in Spellcasting
  6548 | D:7      | Learned a level 4 spell: Olgreb's Toxic Radiance
  6559 | D:7      | Reached ** piety under Ashenzari
  6845 | D:8      | Found a basalt altar of Yredelemnul.
  6877 | D:8      | Found a staircase to the Lair.
  6879 | D:8      | Found a radiant altar of Vehumet.
  6911 | D:8      | Found a white marble altar of Elyvilon.
  6997 | D:8      | Reached XP level 10. HP: 49/49 MP: 15/23
  7013 | D:8      | Found a shimmering altar of Xom.
  7021 | D:8      | Found a shimmering altar of Xom.
  7021 | D:8      | Found a shimmering altar of Xom.
  7024 | D:8      | Found a shimmering altar of Xom.
  7025 | D:8      | Found a shimmering altar of Xom.
  7026 | D:8      | Found a shimmering altar of Xom.
  7026 | D:8      | Found a shimmering altar of Xom.
  7173 | D:8      | Found a sacrificial altar of Ru.
  7365 | D:9      | Found Senupaargh's General Store.
  7373 | D:9      | Bought a potion of curing for 45 gold pieces
  7788 | D:9      | Reached skill level 9 in Spellcasting
  8251 | D:8      | Identified the Handbook of Dislocation
  8644 | D:9      | Found a glowing golden altar of the Shining One.
  8695 | D:10     | Entered Level 10 of the Dungeon
  9058 | D:6      | Bought an uncursed ring of see invisible for 180 gold
                  | pieces
  9301 | D:10     | Noticed Gastronok
  9324 | D:10     | Reached XP level 11. HP: 47/54 MP: 25/25
  9751 | D:10     | Noticed Snorg
  9763 | D:10     | Slain by Snorg

Levels and vault maps discovered:
D:1:      dpeg_arrival_rooms_a, layout_basic
D:2:      layout_rooms, ashenzari_conservatory_becter,
          nicolae_overflow_crystal_walls, dancing_weapons_uskayaw, uniq_natasha,
          uniq_robin
D:3:      layout_rooms, gup_sewer_entry_glass
D:4:      layout_basic, kennysheep_slug_shrine, first_ration, fedhas_altar_3
D:5:      layout_loops_cross, serial_shops, shop, minmay_mini_ossuary, uniq_ijyb
D:6:      layout_basic, general_overflow_altar, lemuel_round_altar,
          temple_pool_b, serial_shops, shop, kennysheep_mini_moat,
          nicolae_shop_competitors_out_of_business, shop, serial_bayou_pond_a,
          minmay_manual_mandibuliform, uniq_edmund
D:7:      layout_cave_pools, nemelex_xobeh_ov_fountains_minmay,
          lemuel_doored_altar, serial_shops, shop, uniq_prince_ribbit1
D:8:      layout_basic, yredelemnul_forgotten_temple_becter, vehumet_crystals,
          nicolae_ru_sacrificial_ziggurat, xom_redecorated, basic_altar
D:9:      layout_basic, tso_altar, serial_shops, nicolae_shop_crystal
D:10:     layout_stronghold, uniq_gastronok, uniq_snorg

Skill      XL: |  1  2  3  4  5  6  7  8  9 10 11 |
---------------+----------------------------------+-----
Fighting       | 1 2 3 4 |  4.6
Spellcasting   | 3 4 5 6 8 9 |  9.7
Air Magic      | 1 3 4 5 |  5.7
Short Blades   | 1 2 3 4 |  4.6
Poison Magic   | 4 5 6 7 |  7.0
Dodging        | 2 3 |  3.2
Translocations | 2 |  2.8
Conjurations   | 3 |  3.7
Fire Magic     | 2 4 |  4.4
Stealth        | |  2.4

Action                   |  1- 3 |  4- 6 |  7- 9 | 10-12 || total
-------------------------+-------+-------+-------+-------++-------
Melee: Club              |     4 |       |       |       ||     4
       Bite              |     7 |    21 |    53 |    48 ||   129
       Dagger            |    25 |       |       |       ||    25
       Short sword       |     6 |    94 |   216 |   159 ||   475
       Spear             |       |       |    26 |    30 ||    56
       Falchion          |       |       |       |     9 ||     9
Throw: Boomerang         |       |       |     1 |       ||     1
       Javelin           |       |       |     1 |       ||     1
       Dart              |       |       |       |    11 ||    11
 Cast: Sting             |     4 |       |     2 |       ||     6
       Poisonous Vapours |    13 |    71 |   101 |    53 ||   238
       Mephitic Cloud    |       |       |    16 |     4 ||    20
       Magic Dart        |       |       |    15 |     5 ||    20
       Conjure Flame     |       |       |     4 |     5 ||     9
       Blink             |       |       |     1 |     1 ||     2
       Olgreb's Toxic Ra |       |       |       |     1 ||     1
Invok: Curse Item        |       |       |     2 |       ||     2
  Use: Scroll            |       |       |    14 |     9 ||    23
       Potion            |       |       |       |     1 ||     1
 Stab: Sleeping          |     8 |       |     4 |     2 ||    14
       Distracted        |       |     1 |       |       ||     1
       Confused          |       |       |     9 |     3 ||    12
  Eat: Chunk             |     1 |     6 |    14 |     6 ||    27
       Ration            |       |     1 |     1 |     1 ||     3
Armor: Robe              |     3 |    13 |    33 |    25 ||    74
       Troll leather arm |       |       |       |     3 ||     3
Dodge: Dodged            |    26 |    64 |   135 |    95 ||   320
       Rpst.: Falchion   |       |       |       |     4 ||     4
